[Event "*** Titled Tuesday Blitz"]
[Site "Chess.com"]
[Date "2019.04.02"]
[Round "3"]
[White "vladimirdamjanovic"]
[Black "Yurovskykh_Oleksandr"]
[Result "1-0"]
[WhiteElo "2550"]
[BlackElo "2508"]
[TimeControl "180+2"]
[EndTime "14:38:03 PDT"]
[Termination "vladimirdamjanovic won by resignation"]

1. d4 Nf6 2. Nf3 d5 3. Bf4 c5 4. c3 Qb6 5. Qb3 c4 6. Qxb6 axb6 7. a3 Nc6 8. Nbd2 b5 9. Rc1 h6 10. h3 Bf5 11. g4 Bh7 12. Bg2 e6 13. Ne5 Nxe5 14. Bxe5 Be7 15. f4 O-O 16. Bxf6 Bxf6 17. e4 dxe4 18. Bxe4 Bxe4 19. Nxe4 Rfd8 20. Ke2 Rd5 21.
h4 Be7 22. Rcf1 h5 23. g5 g6 24. Rc1 Kf8 25. Ra1 Ke8 26. Rhg1 Kd7 27. Nd2 Bd6 28.
Ke3 Rf5 29. Rgf1 Kc6 30. Ne4 Be7 31. Rac1 Kb6 32. Ng3 Rd5 33. Ne4 Rad8 34. Rcd1 Ka5 35. Nd2 Ka4 36. Rg1 Bd6 37. Ke4 Ka5 38. a4 Rc8 39.
axb5 Rxb5 40. Ra1+ Kb6 41. Ra2 Ra5 42. Rga1 Rxa2 43.
Rxa2 Kb5 44. Ra7 Rc7 45. Nf3 Kb6 46. Ra8 Kc6 47. Ne5+ Bxe5 48. Kxe5 b5 49. Ra6+ Kd7 50. Kf6 Rb7 51. Kxf7 b4 52. Kxg6 bxc3 53. bxc3 Rb3 54.
Kf6 Rxc3 55. g6 Rf3 56. g7 Rxf4+ 57. Kg6 Rg4+ 58. Kh7 c3 59. g8=Q Rxg8 60. Kxg8 c2 61. Ra1 Kd6 62. Rc1 Kd5 63. Rxc2 1-0

[Event "*** Titled Tuesday Blitz"]
[Site "Chess.com"]
[Date "2019.04.02"]
[Round "3"]
[White "r31415"]
[Black "NMZanette"]
[Result "1-0"]
[WhiteElo "2346"]
[BlackElo "2208"]
[TimeControl "180+2"]
[EndTime "14:38:03 PDT"]
[Termination "r31415 won by checkmate"]

1. d4 f5 2. Nf3 Nf6 3. g3 e6 4. Bg2 Be7 5. O-O O-O 6. c4 d6 7. b3 a5 8. Nc3 Na6 9. Bb2 c6 10. Re1 Ne4 11. Qb1 d5 12. Ne5 Bf6 13. f3 Nd6 14. c5 Nf7 15. Na4 Nxe5 16. dxe5 Be7 17. Bd4 Nc7 18. Qc2 Nb5 19. Bf2 Bd7 20. Rad1 Qc7 21. Qb2 Be8 22. Be3 g5 23. Bf2 Rd8 24. e3 Bh5 25. Rc1 h6 26. h3 Bg6 27.
Bf1 f4 28. exf4 gxf4 29. g4 Kh7 30. Rcd1 h5 31. Kg2 Rh8 32. Qd2 Rdf8 33. Bd3 Rhg8 34. Kf1 Kh6 35. Kg2 Qd8 36. Qb2 Bxd3 37. Rxd3 Bh4 38.
Rh1 Qg5 39. Kf1 Nc7 40. Rd2 Ne8 41. Nb6 Ng7 42. Nd7 Rf7 43. Nf6 Rd8 44. Qc2 Ne8 45. Bxh4 Qxh4 46. g5+ Qxg5 47. Rg2 Qf5 48. Qxf5 exf5 49.
Ng8+ Kh7 50. e6 Rg7 51. Rhg1 Rxg2 52. Rxg2 Ng7 53. Nf6+ Kh6 54. e7 Rc8 55. Rxg7 Kxg7 56. e8=Q Rxe8 57. Nxe8+ Kf7 58. Nd6+ Ke6 59. Nxb7 d4 60.
Nxa5 Kd5 61. Nb7 d3 62. Ke1 Kd4 63. Kd2 h4 64. a4 Kd5 65. a5 Ke6 66. a6 Kd7 67. a7 Kc7 68. a8=Q Kd7 69. Qd8+ Ke6 70. Qd6+ Kf7 71. Nd8+ Kg7 72. Qe7+ Kh6 73. Qf6+ Kh5 74. Qxf5+ Kh6 75. Qxf4+ Kh5 76. Nxc6 Kg6 77. b4 Kh5 78. b5 Kg6 79. Ne5+ Kh5 80. Qg4+ Kh6 81. Qg6# 1-0

[Event "*** Titled Tuesday Blitz"]
[Site "Chess.com"]
[Date "2019.04.02"]
[Round "3"]
[White "ChainsOfFantasia"]
[Black "Karina_Oparina"]
[Result "1/2-1/2"]
[WhiteElo "2417"]
[BlackElo "2242"]
[TimeControl "180+2"]
[EndTime "14:38:11 PDT"]
[Termination "Game drawn by repetition"]

1. d4 Nf6 2. Nf3 e6 3. e3 c5 4. c3 b6 5. Bd3 Bb7 6. O-O Be7 7. Qe2 O-O 8. Nbd2 d6 9. e4 Nbd7 10.
e5 Ne8 11. Ne4 Qc7 12. Neg5 g6 13. Re1 Ng7 14. Bf4 dxe5 15. dxe5 Rad8 16. Ne4 Qc6 17. Bg5 Rfe8 18. Bxe7 Rxe7 19. Qe3 Nf5 20. Qg5 h6 21. Qf4 Kg7 22. g4 Nf8 23. Rad1 g5 24. Qc1 Nh4 25.
Nxh4 gxh4 26. Qf4 Red7 27. g5 hxg5 28. Qxg5+ Ng6 29. Qf6+ Kg8 30. Re3 Rxd3 31. Rdxd3 Rxd3 32. Rxd3 Qxe4 33. Rd8+ Kh7 34. Qxf7+ Kh6 35. Kf1 Qb1+ 36.
Ke2 Qxb2+ 37. Rd2 Qxc3 38. Qxe6 Qxe5+ 39. Qxe5 Nxe5 40. Rd6+ Kg5 41. Re6 Kf5 42. Re7 Bf3+ 43.
Ke3 a6 44. Ra7 Bd5 45. Rxa6 b5 46. Ra7 b4 47. Rh7 Bxa2 48. Rxh4 Bf7 49. Rh7 b3 50. f4 Ng4+ 51. Kd2 Bg6 52. Rc7 Kxf4 53. Kc3 Nxh2 54.
Kxb3 Ng4 55. Rxc5 Be4 56. Rc8 Ne5 57. Kc3 Ke3 58. Re8 Nf3 59. Kc4 Nd2+ 60. Kc3 Nf3 61. Rf8 Ne5 62. Re8 Nf3 1/2-1/2

[Event "*** Titled Tuesday Blitz"]
[Site "Chess.com"]
[Date "2019.04.02"]
[Round "3"]
[White "SARGISMV"]
[Black "DagurR"]
[Result "1-0"]
[WhiteElo "2458"]
[BlackElo "2535"]
[TimeControl "180+2"]
[EndTime "14:38:25 PDT"]
[Termination "SARGISMV won by resignation"]

1. d4 Nf6 2. c4 g6 3. Nc3 d5 4.
Nf3 Bg7 5. cxd5 Nxd5 6. e4 Nxc3 7. bxc3 c5 8. Be3 Qa5 9. Qd2 O-O 10. Rc1 cxd4 11.
cxd4 Qxd2+ 12. Kxd2 Rd8 13. Kc2 f5 14. e5 Be6 15. Kb2 Nc6 16. Bc4 Bxc4 17. Rxc4 Rd5 18. g3 Rad8 19. Rhc1 h6 20. h4 Kf7 21. R1c3 a5 22.
Rb3 R8d7 23. Rb6 e6 24. Kb3 Ke8 25. a4 Kd8 26. Rc5 Kc7 27. Rbb5 Rxc5 28. Rxc5 Bf8 29. Rc1 Kd8 30. Kc4 Na7 31. Rb1 Rc7+ 32. Kd3 Rd7 33. Rb6 Nc6 34. Kc4 Kc7 35. Rb5 Bb4 36. d5 exd5+ 37.
Rxd5 Re7 38. Bxh6 Re8 39. Bg5 Be7 40. Rb5 Bxg5 41. hxg5 Nd8 42. Rxa5 b6 43. Rd5 Ne6 44. Rd6 Re7 45. Kd5 Nf8 46. Rc6+ Kd7 47. Rxb6 Kc7 48.
Rc6+ Kb7 49. Rf6 Rd7+ 50. Kc4 Rd8 51. e6 Re8 52. Kd5 Rd8+ 53. Ke5 Re8 54. Rf7+ Kc6 55.
e7 Nd7+ 56. Ke6 Nc5+ 57. Kf6 Ne4+ 58. Kxg6 Nxf2 59. Kxf5 Nd1 60. Kf6 Ne3 61. g6 Nd5+ 62. Ke6 Nc7+ 63. Kf5 Kd7 64. Ne5+ Kd6 65. g7 Rg8 66.
Nc4+ Kd7 67. Ne5+ Kd6 68. Kf6 Ne8+ 69. Kf5 Rxg7 70. Rxg7 Nxg7+ 71. Kg6 Ne8 72. Kf7 1-0

[Event "*** Titled Tuesday Blitz"]
[Site "Chess.com"]
[Date "2019.04.02"]
[Round "3"]
[White "grzechu96"]
[Black "mbojan"]
[Result "1-0"]
[WhiteElo "2571"]
[BlackElo "2501"]
[TimeControl "180+2"]
[EndTime "14:38:26 PDT"]
[Termination "grzechu96 won by resignation"]

1. e4 g6 2. d4 Bg7 3. Nc3 d6 4. Be3 a6 5. a4 b6 6. h3 Nd7 7. g4 e6 8. Bg2 Bb7 9. Nge2 h6 10.
Qd2 Ne7 11. f4 Nc6 12. O-O Nb4 13. a5 O-O 14. d5 exd5 15. exd5 Nc5 16. Nd1 bxa5 17.
Rxa5 Rb8 18. Qxb4 Bxd5 19. Qd2 Bxg2 20. Kxg2 Ne4 21. Qd3 Re8 22. b3 Qe7 23. Ng3 Nxg3 24. Kxg3 c5 25. Rxa6 d5 26. Qxd5 Rbd8 27. Qf3 Qc7 28.
Nf2 c4 29. Rc6 Qe7 30. Bc5 Qb7 31. bxc4 Qb2 32. Rd6 Qxc2 33. Rxd8 Rxd8 34. Rd1 Rxd1 35. Qxd1 Qxc4 36. Be3 Qb3 37. Qd3 Qe6 38. Qe4 Qd7 39.
Kg2 Kh7 40. f5 gxf5 41. Qxf5+ Qxf5 42. gxf5 h5 43. Kf3 Be5 44. Ke4 Bc7 45. Nd3 Kg7 46. Bf4 Bd8 47. Ne5 Ba5 48. Nf3 Bb4 49. Be5+ Kh6 50. Bf4+ Kg7 51. Bg5 Bc5 52. Kd5 Ba7 53.
Ne5 Bb8 54. Nd7 Bc7 55. Nc5 Bh2 56. Ne4 Bb8 57. Kc6 Kf8 58. Kd7 Bh2 59. Bh6+ Kg8 60. Nf6+ Kh8 61. Nxh5 Be5 62. Bf4 Bc3 63. Ng3 Kg8 64.
Ne4 Ba1 65. Bg5 Kg7 66. Ke7 Kg8 67. Bf6 Bxf6+ 68. Nxf6+ Kg7 69. Ng4 Kh8 70. Kxf7 Kh7 71. Kf6 Kh8 72. Kg6 Kg8 73. f6 Kf8 74. Nh6 Ke8 75.
Nf5 Kf8 76. Nd4 Ke8 77. f7+ Kf8 78. Ne6+ Ke7 79. f8=Q+ Kxe6 80. Qf6+ Kd5 81. h4 Ke4 1-0

[Event "*** Titled Tuesday Blitz"]
[Site "Chess.com"]
[Date "2019.04.02"]
[Round "3"]
[White "You_are_not_free"]
[Black "Kawhi_Leonard2"]
[Result "1-0"]
[WhiteElo "2330"]
[BlackElo "2204"]
[TimeControl "180+2"]
[EndTime "14:38:29 PDT"]
[Termination "You_are_not_free won by resignation"]

1. Nf3 Nf6 2. g3 e6 3. Bg2 d5 4. O-O Be7 5. d4 O-O 6. c4 dxc4 7. Ne5 Nc6 8. Bxc6 bxc6 9. Nxc6 Qe8 10. Nxe7+ Qxe7 11. Qc2 e5 12. dxe5 Qxe5 13. Qxc4 Be6 14. Qc2 Bf5 15. Qc4 Be6 16. Qd3 Bf5 17. Qe3 Qd6 18.
Nc3 Rfe8 19. Qf4 Qd7 20. f3 h6 21. e4 Be6 22. Qd2 Qc6 23. Qf2 a5 24. Be3 Rab8 25. Rac1 Qb7 26. b3 Nd7 27. f4 f6 28. Rfd1 Bg4 29.
Rd5 Nb6 30. Rxa5 Rbd8 31. Rc5 Rd3 32. Nb5 Qxe4 33. Nxc7 Qxe3 34. Nxe8 Qxe8 35. Re1 Qd7 36. Rc2 Nd5 37. Qc5 h5 38. Qc6 Qxc6 39. Rxc6 h4 40. Rc2 hxg3 41. hxg3 Rxg3+ 42. Rg2 Rxg2+ 43. Kxg2 Bf5 44. Kf3 Nb4 45. a4 Kf7 46. Rc1 Be6 47.
Rc7+ Kg6 48. Rc3 Nd5 49. Rc5 Nb4 50. Rb5 Nc2 51. Rb6 Kf5 52. Rb5+ Kg6 53. Rb6 Bxb3 54.
a5 Bd5+ 55. Kg4 Kf7 56. f5 Ne3+ 57. Kf4 Nc4 58. Rb5 Nxa5 59. Rxa5 Bc6 60. Ra7+ Kf8 61. Rc7 Bb5 62. Ke3 Ba4 63. Kd4 Bb3 64. Ke4 Bf7 65.
Rc8+ Ke7 66. Rb8 g6 67. Rb7+ Kf8 68. Kf4 g5+ 69. Ke4 Bh5 70. Kd4 Bg4 71. Rb5 Ke7 72.
Rb7+ Kf8 73. Ke4 Bd1 74. Kd5 g4 75. Ke6 g3 76. Kxf6 Ke8 77. Rb8+ Kd7 78. Rg8 1-0

[Event "*** Titled Tuesday Blitz"]
[Site "Chess.com"]
[Date "2019.04.02"]
[Round "3"]
[White "amintabatabaei"]
[Black "VeraNebolsina"]
[Result "1/2-1/2"]
[WhiteElo "2888"]
[BlackElo "2416"]
[TimeControl "180+2"]
[EndTime "14:38:29 PDT"]
[Termination "Game drawn - insufficient material"]

1. g3 Nf6 2. Bg2 g6 3. Nf3 Bg7 4. d4 O-O 5. O-O d6 6. Nc3 c6 7.
e4 Nbd7 8. e5 Ne8 9. Qe2 Nc7 10.
exd6 exd6 11. Bg5 Nf6 12. Ne4 Bf5 13. Nxf6+ Bxf6 14. Bh6 Re8 15. Qd2 Qd7 16. Rfe1 Bg7 17. c3 Bh3 18. Bxh3 Qxh3 19. Bxg7 Kxg7 20. Qf4 Re6 21. Rxe6 Qxe6 22. Re1 Qf6 23. Qxf6+ Kxf6 24. Nd2 d5 25. Nf3 Re8 26. Ne5 Kg7 27. Kf1 f6 28.
Nd3 Rxe1+ 29. Kxe1 Ne6 30. Ke2 Kf7 31. h4 Ke7 32. a4 a5 33. Kf3 Kd6 34. Ke3 Ng7 35. Nf4 Ne6 36. Ne2 Ke7 37. b3 Kd6 38. c4 c5 39. cxd5 Kxd5 40. Nc3+ Kd6 41. Ne4+ Kc6 42. dxc5 Nxc5 43. Nxf6 Nxb3 44. Nxh7 b5 45. axb5+ Kxb5 46. Kd3 a4 47. Kc2 Kb4 48. Nf6 Nd4+ 49. Kb2 a3+ 50. Ka2 Ne2 51. Nd5+ Ka4 52. g4 Nc1+ 53. Kb1 a2+ 54. Kb2 Nd3+ 55. Kxa2 Nxf2 56. g5 Nd3 57. Kb1 Ne5 58. Kc2 Nf3 59. h5 Nxg5 60. hxg6 Ne6 61. Kd3 Kb5 62. Ke4 Kc6 63. Ke5 Kd7 64. Kf6 Kd6 65.
Ne7 Nf4 66. Nc8+ Kd7 67. Nb6+ Kc6 68. Nc4 Nxg6 69. Ne3 Ne5 70. Nf5 Kc5 71. Kxe5 1/2-1/2

[Event "*** Titled Tuesday Blitz"]
[Site "Chess.com"]
[Date "2019.04.02"]
[Round "3"]
[White "Aemulus20"]
[Black "Alexander_Donchenko"]
[Result "0-1"]
[WhiteElo "2502"]
[BlackElo "2839"]
[TimeControl "180+2"]
[EndTime "14:38:33 PDT"]
[Termination "Alexander_Donchenko won on time"]

1. e4 e5 2. Nf3 Nf6 3. d4 Nxe4 4.
Bd3 d5 5. Nxe5 Nd7 6. Nxd7 Bxd7 7. O-O Be7 8. c4 Nf6 9. cxd5 Nxd5 10. Nc3 Nf6 11.
Re1 O-O 12. d5 h6 13. h3 Bd6 14. Qf3 Re8 15. Be3 a6 16. Bd4 Bf8 17. Rxe8 Nxe8 18. Ne4 c6 19. Bc4 cxd5 20. Bxd5 Be6 21. Bxe6 fxe6 22.
Rd1 Qc7 23. Bc3 Rd8 24. Re1 Qf7 25. Qg4 Rd5 26. Re3 Rf5 27. Ng3 Rxf2 28. Qxe6 Nd6 29. Qxf7+ Rxf7 30. Rd3 Nb5 31. Ne4 Nxc3 32. Rxc3 Rf4 33.
Nf2 Bb4 34. Rc8+ Rf8 35. Rxf8+ Kxf8 36. Kf1 Bc5 37. Nd3 Bd4 38. Ke2 Ke7 39. Kf3 Kd6 40.
Ke4 Bf6 41. b3 Bc3 42. g4 Bf6 43. Nb4 Kc5 44. Nd3+ Kd6 45. Nb4 Be5 46. Nd3 Bc3 47. Nf4 b5 48. Kf5 Kc5 49. Kg6 a5 50. h4 a4 51. h5 Ba1 52. Ne6+ Kb4 53. bxa4 bxa4 54.
Nxg7 Ka3 55. Nf5 Kxa2 56. Nxh6 a3 57. Nf5 Kb3 58. h6 Bh8 59. Kh7 a2 60. Kxh8 a1=Q+ 61. Ng7 Qf6 62. Kh7 Kc4 63. Nf5 Qf7+ 64. Ng7 Qf4 65.
Kg6 Qxg4+ 66. Kf7 Qf4+ 67. Kg6 Qe4+ 68. Kg5 Kd5 69. Nh5 Ke5 0-1

[Event "*** Titled Tuesday Blitz"]
[Site "Chess.com"]
[Date "2019.04.02"]
[Round "3"]
[White "Vuk2000"]
[Black "bugsbunny444"]
[Result "0-1"]
[WhiteElo "2707"]
[BlackElo "2493"]
[TimeControl "180+2"]
[EndTime "14:38:49 PDT"]
[Termination "bugsbunny444 won by resignation"]

1. d4 e6 2. Bf4 c5 3. e3 Nf6 4. c3 Nc6 5. Nd2 d5 6. Ngf3 cxd4 7. exd4 Nh5 8. Be3 Bd6 9. Qc2 O-O 10. Bd3 g6 11.
O-O Nf4 12. b4 Nxd3 13. Qxd3 a6 14. a4 e5 15. dxe5 Nxe5 16. Qxd5 Ng4 17. Qd4 Nxe3 18. Qxe3 Re8 19. Qd4 Be6 20. Ne4 Be7 21. Rfe1 Rc8 22. Qxd8 Rexd8 23. Nd4 Bd5 24. a5 Kf8 25. h3 Bxe4 26.
Rxe4 Rxc3 27. b5 Bf6 28. bxa6 bxa6 29. Ra4 Rc1+ 30. Kh2 Rc5 31. Nf3 Rdd5 32. Rf4 Kg7 33. Rab4 Rxa5 34. Rb7 Rf5 35. Rc4 Rab5 36. Ra7 a5 37.
Rcc7 Bd8 38. Rd7 Bb6 39. Ra6 Bxf2 40. Rd2 Be3 41. Rd3 Bf4+ 42. Kg1 Rfd5 43. Rxd5 Rxd5 44. Kf2 h5 45. g3 Bd6 46. g4 hxg4 47. hxg4 Bb4 48.
Ke3 Rd7 49. Ke4 Re7+ 50. Kf4 Rc7 51. Ne5 Bd2+ 52. Kf3 Rc3+ 53. Ke4 Re3+ 54. Kd4 Rg3 55. Ke4 Bc3 56. Nc6 Rxg4+ 57. Kd3 Rg3+ 58. Kc4 g5 59. Ra7 Kf6 60. Ra6 Kf5 61. Ne7+ Kg4 62. Nd5 Be5 63.
Rxa5 f6 64. Ra6 Rf3 65. Ra4 Kh3 66. Ra8 g4 67. Rh8+ Kg2 68. Rh5 g3 69. Nb4 Kf1 70.
Rh1+ Ke2 71. Rc1 g2 72. Rc2+ Kf1 73. Nd3 Rxd3 74. Kxd3 g1=Q 0-1

[Event "*** Titled Tuesday Blitz"]
[Site "Chess.com"]
[Date "2019.04.02"]
[Round "3"]
[White "Vice64"]
[Black "Jospem"]
[Result "1/2-1/2"]
[WhiteElo "2567"]
[BlackElo "2785"]
[TimeControl "180+2"]
[EndTime "14:38:58 PDT"]
[Termination "Game drawn by repetition"]

1. e4 c5 2. Nf3 d6 3. d4 cxd4 4. Nxd4 Nf6 5. Nc3 a6 6. h3 e5 7.
Nb3 Be6 8. f4 g6 9. Qf3 Nc6 10.
Be3 exf4 11. Bxf4 Nh5 12. O-O-O Nxf4 13. Qxf4 Be7 14. Kb1 O-O 15. g4 Rc8 16. h4 Ne5 17. Nd5 Bxd5 18. Rxd5 Qc7 19. c3 b5 20. Be2 b4 21. c4 Qd8 22. c5 Qc7 23. Rhd1 Rfd8 24. h5 Bf8 25. h6 Re8 26. Bxa6 Rcd8 27. Bb5 Re6 28. Nd4 Re7 29. Nf5 gxf5 30. Qg5+ Ng6 31. cxd6 Rxd6 32. Rxd6 fxe4 33. Rd8 Qb6 34. Bc4 e3 35.
R8d6 e2 36. Bxe2 Qf2 37. Bc4 Kh8 38. Rd8 Kg8 39. Bd3 Qf4 40. Qxf4 Nxf4 41. Bxh7+ Kxh7 42.
Rxf8 Kxh6 43. Rf1 Kg5 44. Rg8+ Ng6 45. Rf5+ Kxg4 46. Rxf7 Rxf7 47. Rxg6+ Kf3 48. Rb6 Rf4 49. Kc2 Ke3 50. Kb3 Kd2 51. Rxb4 Rf3+ 52. Ka4 Kc2 53. b3 Kb2 54. a3 Rf8 55. Rb5 Ra8+ 56. Ra5 Rc8 57. b4 Rb8 58. Ra6 Rc8 59. b5 Rc4+ 60. Ka5 Kxa3 61. Rc6 Ra4+ 62. Kb6 Rg4 63. Kb7 Ka4 64.
b6 Kb5 65. Rf6 Rg7+ 66. Ka8 Rg8+ 67. Ka7 Rg1 68. b7 Ra1+ 69. Kb8 Rc1 70. Rf5+ Kb6 71.
Rf6+ Kb5 72. Rf2 Kc6 73. Rb2 Re1 74. Ka7 Ra1+ 75. Kb8 Re1 76. Rc2+ Kb6 77. Rb2+ Kc6 1/2-1/2

[Event "*** Titled Tuesday Blitz"]
[Site "Chess.com"]
[Date "2019.04.02"]
[Round "3"]
[White "mlchen"]
[Black "LawrenceTrent"]
[Result "1-0"]
[WhiteElo "2418"]
[BlackElo "2542"]
[TimeControl "180+2"]
[EndTime "14:38:59 PDT"]
[Termination "mlchen won by resignation"]

1. e4 c5 2. c3 d5 3. exd5 Qxd5 4. Nf3 Nc6 5. Be2 Bf5 6. d4 e6 7.
Na3 cxd4 8. Nb5 O-O-O 9. Nbxd4 Nxd4 10. cxd4 Kb8 11. O-O Bd6 12. Be3 Nf6 13. Rc1 Be4 14.
Nd2 h5 15. Bc4 Qf5 16. Nxe4 Qxe4 17. Bd3 Qh4 18. g3 Qh3 19. Qf3 h4 20. Bf4 hxg3 21. Qxg3 Bxf4 22. Qxf4+ Ka8 23. Qg3 Qxg3+ 24. hxg3 Rxd4 25. Be2 Kb8 26. Rfd1 Rhd8 27. Rxd4 Rxd4 28. Rc2 a6 29. f4 Ne4 30. Kg2 Nd6 31. Kf2 Rd5 32.
Bf3 Ra5 33. a3 g5 34. Rd2 Kc7 35. Rc2+ Kd7 36. Rd2 gxf4 37. gxf4 b6 38. Rc2 Rc5 39.
Rd2 Kc7 40. Ke2 a5 41. Kf2 Rb5 42. Rc2+ Kd8 43. Ke3 Rc5 44. Rd2 Kc7 45. Kf2 b5 46.
Ke2 Rc4 47. Ke3 Nf5+ 48. Ke2 Rxf4 49. Bg2 Rd4 50. Rc2+ Rc4 51. Rd2 Nd6 52. Ke3 f5 53.
Bf3 Rc5 54. Rh2 Nc4+ 55. Kd3 Nxb2+ 56. Rxb2 Kb6 57. Rh2 Kc7 58. Rh7+ Kd6 59. Ra7 b4 60. axb4 axb4 61. Rb7 Rc3+ 62. Ke2 Kc5 63. Re7 Kd6 64. Rb7 Rb3 65. Bh5 e5 66. Bf7 Rb2+ 67. Kf3 Rb1 68. Bg6 e4+ 69. Ke3 Rb3+ 70. Ke2 Ke5 71. Rb5+ Kd4 72. Bxf5 Rb2+ 73. Kd1 e3 74. Bg4 b3 75. Rb8 Rd2+ 76. Kc1 Rg2 77. Rxb3 Rxg4 78. Rb4+ Kd3 79. Rxg4 e2 80. Rg3+ 1-0

[Event "*** Titled Tuesday Blitz"]
[Site "Chess.com"]
[Date "2019.04.02"]
[Round "3"]
[White "Witik"]
[Black "sofaceindisguise"]
[Result "0-1"]
[WhiteElo "2611"]
[BlackElo "2557"]
[TimeControl "180+2"]
[EndTime "14:39:02 PDT"]
[Termination "sofaceindisguise won by resignation"]

1. d4 Nf6 2. c4 e6 3. Nf3 d5 4. Nc3 Bb4 5. cxd5 exd5 6. Bg5 h6 7. Bh4 g5 8. Bg3 Ne4 9. Nd2 Nxc3 10. bxc3 Bxc3 11. Rc1 Bxd4 12. Qa4+ Nc6 13. Rxc6 bxc6 14.
Qxd4 f6 15. e3 Qe7 16. Bd3 Be6 17. O-O O-O 18. Rc1 Rab8 19. Nb3 Rb6 20. h4 gxh4 21.
Qxh4 Qg7 22. Nd4 Bd7 23. Bf4 Qg4 24. Qxh6 Rf7 25. f3 Qg7 26. Qh5 Rb2 27. Rc2 Rxc2 28.
Bxc2 c5 29. Nf5 Bxf5 30. Bxf5 Re7 31. Kf2 c4 32. Bh6 Qf7 33. Qg4+ Kh8 34. Bg6 Qe6 35.
Qh5 Kg8 36. Bf5 Qf7 37. Qg4+ Kh8 38. Qh4 Kg8 39. Qd4 c6 40. g4 Rb7 41. g5 Qh5 42.
Be6+ Kh7 43. Bf5+ Kg8 44. Kg3 fxg5 45. Be6+ Kh7 46. Bf5+ Kg8 47. Be6+ Kh7 48. Bf5+ Kg8 49.
Be6+ Kh7 50. Bf8 Qh4+ 51. Qxh4+ gxh4+ 52. Kxh4 c3 53. Bf5+ Kg8 54. Bc5 Rb2 55. Bd4 Rh2+ 56. Kg3 c2 57. Bb2 Rd2 58. f4 Kf7 59. Kf3 c5 60. e4 d4 61. e5 c4 62. Ba3 d3 63.
e6+ Kf6 64. e7 Re2 65. Be4 c1=Q 66. e8=Q Qe3+ 67. Kg4 Rg2+ 68. Bxg2 Qxe8 69. Bb2+ Kf7 70. Be5 Qe6+ 71. Kg5 Qg6+ 0-1

[Event "*** Titled Tuesday Blitz"]
[Site "Chess.com"]
[Date "2019.04.02"]
[Round "3"]
[White "Shahinyan_ChessMood"]
[Black "pedro_gines"]
[Result "1-0"]
[WhiteElo "2612"]
[BlackElo "2439"]
[TimeControl "180+2"]
[EndTime "14:39:02 PDT"]
[Termination "Shahinyan_ChessMood won by resignation"]

1. c4 e5 2. Nc3 d6 3. g3 g6 4. Bg2 Bg7 5. e4 Ne7 6. Nge2 h5 7. h3 h4 8. g4 Nec6 9. Nd5 Be6 10. f4 exf4 11. Nexf4 Nd7 12. O-O Nd4 13. d3 c6 14. Nxe6 Nxe6 15. Nc3 Qb6+ 16. Kh1 O-O 17. Qe1 Ne5 18. Qxh4 Nxd3 19. Bh6 Be5 20. Rad1 Nxb2 21. Rc1 Nd3 22. Rc2 Ndf4 23. Ne2 Nxg2 24.
Kxg2 Rfe8 25. Ng3 Bxg3 26. Qxg3 Qd4 27. Rcf2 Qxe4+ 28. Kg1 Re7 29. Qh4 Rae8 30. Bc1 Nd4 31. Bb2 c5 32. Qh6 Qe5 33. Bc1 Qg7 34. Qh4 Ne2+ 35.
Kh1 Nxc1 36. Rxc1 Re1+ 37. Rxe1 Rxe1+ 38. Kg2 g5 39. Qh5 Qg6 40. Qxg6+ fxg6 41. Rf6 Kg7 42. Rxd6 Rc1 43. Rd7+ Kf6 44. Rxb7 Rc2+ 45. Kf3 Rxa2 46. Rc7 Ra3+ 47. Kg2 Ke5 48. Rxc5+ Kf4 49. Rc6 Ra2+ 50. Kf1 a5 51. c5 Rc2 52. Ke1 Kg3 53. Kd1 Rc4 54.
Kd2 Kxh3 55. Kd3 Rc1 56. Kd2 Rc4 57. Kd3 Rc1 58. Kd2 Rf1 59. Rxg6 Kxg4 60. c6 Rf7 61. Kc3 Kf5 62. Rd6 Ke5 63. Rd7 Rf6 64. c7 Rc6+ 65. Kb3 Kf4 66. Ka4 g4 67. Kb5 Rc1 68. Rd4+ Kf3 69.
Rc4 Rxc4 70. Kxc4 g3 71. c8=Q g2 72. Qc5 Ke2 73. Qg1 Kf3 74. Kb5 a4 75. Kxa4 Kg3 76. Kb3 Kf3 77. Kc3 Kg3 78. Kd3 Kf3 1-0

[Event "*** Titled Tuesday Blitz"]
[Site "Chess.com"]
[Date "2019.04.02"]
[Round "3"]
[White "Fighter008"]
[Black "enriquetejedor"]
[Result "0-1"]
[WhiteElo "2441"]
[BlackElo "2532"]
[TimeControl "180+2"]
[EndTime "14:39:10 PDT"]
[Termination "enriquetejedor won by resignation"]

1. e4 c5 2. Nf3 d6 3. d4 cxd4 4. Nxd4 Nf6 5. Nc3 Nc6 6. f3 e5 7. Nb3 Be6 8. Be3 Be7 9. Nd5 O-O 10. Qd2 Bxd5 11. exd5 Nb8 12. Be2 Nbd7 13. c4 Nh5 14. O-O f5 15. g3 f4 16. Bf2 fxg3 17. hxg3 Nhf6 18. Rae1 a5 19. Na1 Qc7 20. Nc2 Nb6 21.
Na3 Nfd7 22. Nb5 Qd8 23. b3 Bg5 24. Qc2 Be7 25. Qe4 a4 26. Bd3 Nf6 27. Qf5 axb3 28. axb3 Kh8 29. Qh3 Nbd7 30. Kg2 h6 31. Re2 Ra5 32.
Be3 Ng8 33. Bd2 Ra2 34. Qh5 e4 35. Bxe4 Ndf6 36. Qg6 Nxe4 37. Qxe4 Rf7 38. Nd4 Bf6 39. Ne6 Qb6 40. Qd3 Rb2 41. b4 Be5 42. c5 Qa7 43. f4 Bf6 44. g4 Qa2 45. g5 Rb3 46. Qg6 Rb2 47. Qd3 Rb3 48. Qg6 Rb2 49. Qxf7 Rxd2 50.
Rxd2 Qxd2+ 51. Kg1 Bd4+ 52. Nxd4 Qxd4+ 53. Kg2 Qe4+ 54. Rf3 Qe2+ 55. Kg3 Qe1+ 56. Kg2 Qxb4 57. cxd6 Qxd6 58. Qe6 Qc5 59. d6 Qc2+ 60. Rf2 Qc6+ 61.
Kh2 Qb6 62. Rd2 Qb4 63. Qe5 Qxd2+ 64. Kh3 b5 65. Kg4 b4 66. Kf5 Qd3+ 67. Ke6 b3 68. Kf7 Qc4+ 69. Kf8 Qc8+ 70. Kf7 Qd7+ 71. Kg6 b2 72. f5 b1=Q 73. gxh6 Qg1+ 74. Kh5 Nf6+ 0-1

[Event "*** Titled Tuesday Blitz"]
[Site "Chess.com"]
[Date "2019.04.02"]
[Round "3"]
[White "Sajkochess"]
[Black "Dixit_Nikhil"]
[Result "1/2-1/2"]
[WhiteElo "2298"]
[BlackElo "2483"]
[TimeControl "180+2"]
[EndTime "14:39:20 PDT"]
[Termination "Game drawn - insufficient material"]

1. e4 g6 2. d4 Bg7 3. Nf3 d6 4. Be2 Nf6 5. Nc3 O-O 6. O-O Nbd7 7. e5 Ne8 8. Bf4 c6 9. Qd2 Nb6 10. Rad1 Nc7 11. Bh6 Bg4 12. Bxg7 Kxg7 13. Qf4 Bxf3 14. Bxf3 Nbd5 15. Nxd5 Nxd5 16. Bxd5 cxd5 17. exd6 Qxd6 18. Qxd6 exd6 19. Rfe1 Kf6 20. f3 Rfc8 21. c3 b5 22. Rd3 a5 23. Rde3 b4 24. Re7 bxc3 25. bxc3 Rxc3 26.
Rd7 Rc6 27. Ree7 Rf8 28. h4 Rc4 29. Re3 Rxd4 30. Rxd6+ Kg7 31. h5 Rb8 32. Re7 Rd1+ 33. Kh2 Rd2 34. Rdd7 Rf8 35. Re5 Rxa2 36. Rdxd5 Ra8 37.
Kh3 a4 38. Ra5 Rxa5 39. Rxa5 Ra1 40. hxg6 hxg6 41. Kg4 a3 42. g3 f6 43. Ra7+ Kf8 44.
f4 Ke8 45. f5 gxf5+ 46. Kxf5 a2 47. Kg6 Kd8 48. Ra8+ Kc7 49. g4 Kb7 50. Ra3 Kc6 51. Ra6+ Kd5 52. Ra4 Ke5 53. Kf7 Kd5 54. Ra5+ Kc6 55.
Ra6+ Kb5 56. Ra8 Kb4 57. Kxf6 Rf1+ 58. Ke6 a1=Q 59. Rxa1 Rxa1 60. g5 Rg1 61. Kf6 Kc5 62. g6 Rf1+ 63. Ke7 Re1+ 64. Kf7 Rf1+ 65. Ke7 Rg1 66.
Kf7 Kd6 67. g7 Rf1+ 68. Ke8 Re1+ 69. Kf8 Rf1+ 70. Ke8 Re1+ 71. Kf8 Rf1+ 72. Ke8 Rg1 73. Kf8 Kd7 74. g8=Q Rf1+ 75. Kg7 Rg1+ 76. Kh8 Rh1+ 77. Qh7+ Rxh7+ 78. Kxh7 1/2-1/2

[Event "*** Titled Tuesday Blitz"]
[Site "Chess.com"]
[Date "2019.04.02"]
[Round "3"]
[White "Koksik_13"]
[Black "Mostii"]
[Result "1/2-1/2"]
[WhiteElo "2657"]
[BlackElo "2474"]
[TimeControl "180+2"]
[EndTime "14:39:34 PDT"]
[Termination "Game drawn by repetition"]

1. e4 e6 2. d4 d5 3. Nc3 Nf6 4. e5 Nfd7 5. f4 c5 6. Nf3 Nc6 7. Be3 cxd4 8. Nxd4 a6 9. Qd2 Bc5 10. Nd1 Nxd4 11. Bxd4 b5 12. c3 Bxd4 13. Qxd4 Qb6 14.
Ne3 Bb7 15. Be2 g6 16. O-O Qxd4 17. cxd4 Ke7 18. Rfc1 Rac8 19. g4 Nb6 20. b3 Rxc1+ 21. Rxc1 Rc8 22. Rxc8 Bxc8 23. g5 Bd7 24. Kf2 a5 25. h4 b4 26. h5 Nc8 27. h6 Na7 28. Ng4 Bb5 29. Nf6 Bxe2 30. Kxe2 Nb5 31. Kd3 Nc3 32.
Nxh7 Nxa2 33. Nf6 Kf8 34. Nd7+ Kg8 35. Kc2 Nc3 36. Nb8 a4 37. bxa4 Nxa4 38. Nc6 Nc3 39. Kd3 Na2 40. Kc2 Nc3 41. Kd3 Na2 42. Na5 Kh7 43. Nb3 Kg8 44. Nc5 Nc3 45. Na6 Na2 46.
Kc2 Nc3 47. Nxb4 Ne2 48. Nd3 Nxd4+ 49. Kc3 Nf5 50. Kb4 Kh7 51. Kc5 Nxh6 52. gxh6 Kxh6 53.
Nf2 g5 54. Ng4+ Kg6 55. fxg5 Kxg5 56. Nf6 Kf5 57. Kd4 Kg6 58. Ne8 Kf5 59. Nd6+ Kg6 60. Ne8 Kf5 61. Nf6 Kg6 62. Ng4 Kf5 63. Nh6+ Kg6 64.
Ng8 Kg5 65. Nf6 Kf5 66. Nd7 Kg5 67. Ke3 Kf5 68. Kf3 Kg5 69. Kg3 Kf5 70. Kf2 Kg5 71. Ke3 Kf5 72. Kd2 Kg5 73. Ke2 Kf5 74. Ke1 Kg5 75. Kf2 Kf5 76. Kf3 Kg5 77. Kg3 Kf5 78. Kg2 Kg5 79. Kf1 Kf5 80. Ke2 Ke4 81. Kd2 Kd4 82.
Kc2 Kc4 83. Kc1 Kd4 84. Kd1 Ke4 85. Ke1 Kf5 86. Ke2 Ke4 87. Kf2 Kf4 88. Kg2 Kg4 89.
Kf1 Kf4 90. Ke1 Ke4 91. Kd2 Kd4 92. Ke2 Ke4 1/2-1/2